 Dungeon Crawl Stone Soup version 0.29-a0-271-gd4eb659eea (webtiles) character file.

Game seed: 6020489051431395644

29156 ders the Geomancer (level 13, -1/74 HPs)
             Began as a Gargoyle Earth Elementalist on Mar 8, 2022.
             Was a High Priest of Vehumet.
             Slain by Rupert
             ... wielding a +0 antimagic great mace
              (30 damage)
             ... on level 4 of the Lair of Beasts.
             The game lasted 00:31:20 (21375 turns).

ders the Geomancer (Gargoyle Earth Elementalist)   Turns: 21375, Time: 00:31:20

Health: -1/74      AC: 17    Str: 12    XL:     13   Next: 43%
Magic:  0/28       EV: 11    Int: 21    God:    Vehumet [*****.]
Gold:   2459       SH:  0    Dex: 10    Spells: 12/34 levels left

rFire   . . .      SeeInvis +   p - +7 staff of the Meek {protect, meekguard}
rCold   + . .      Faith    .   (shield currently unavailable)
rNeg    + + .      Spirit   .   b - +2 robe
rPois   ∞          Reflect  .   M - +2 helmet {SInv}
rElec   +          Harm     .   u - scarf {+Inv}
rCorr   .          Rampage  .   (no gloves)
Will    +++..      Clarity  +   y - +0 pair of boots "Pios" {rC+}
Stlth   ++........              x - amulet of the Four Winds {rN+ Will+++ Clar}
HPRegen 0.22/turn               C - ring of wizardry
MPRegen 0.21/turn               t - ring of wizardry

@: about to teleport, studying Transmutations
A: sickness immunity, AC +9, negative energy resistance 1, electricity
resistance, torment resistance 1, petrification resistance, fangs 1, MP-powered
wands
a: Renounce Religion, Evoke Invisibility


You were on level 4 of the Lair of Beasts.
You worshipped Vehumet.
Vehumet was extremely pleased with you.
You visited 3 branches of the dungeon, and saw 16 of its levels.
You also visited: Bailey.

You collected 2459 gold pieces.

Inventory:

Hand Weapons
 p - the +7 staff of the Meek (weapon) {protect, meekguard}
   (You found it on level 3 of the Dungeon)

   It grants its wielder temporary protection when it strikes (+7 to AC).
   It provides extra protection to wielders with little health.
Missiles
 a - 327 stones
Armour
 b - a +2 robe (worn)
 u - a scarf of invisibility (worn)
 y - the +0 pair of boots "Pios" (worn) {rC+}
   (You acquired it on level 6 of the Dungeon)

   rC:        It protects you from cold.
 M - a +2 helmet of see invisible (worn)
Magical Staves
 q - a staff of cold
Jewellery
 f - a ring of positive energy
 h - an amulet of the acrobat
 t - a ring of wizardry (right hand)
 x - the amulet of the Four Winds (around neck) {rN+ Will+++ Clar}
   (You found it on level 6 of the Dungeon)

   [amulet of nothing]

   rN:        It protects you from negative energy.
   Clar:      It protects you against confusion.
   Will:      It greatly increases your willpower.
 C - a ring of wizardry (left hand)
 D - a ring of protection from fire
Wands
 l - a wand of flame (58)
 r - a wand of paralysis (12)
 v - a wand of iceblast (7)
 J - a wand of polymorph (11)
 R - a wand of acid (6)
Scrolls
 c - a scroll of silence
 d - 2 scrolls of summoning
 e - 2 scrolls of immolation
 g - 2 scrolls of torment
 j - 3 scrolls of enchant armour
 m - 4 scrolls of fear
 s - a scroll of enchant weapon
 w - 5 scrolls of teleportation
 z - 4 scrolls of amnesia
 B - 3 scrolls of vulnerability
 G - 2 scrolls of magic mapping
 L - 2 scrolls of fog {unknown}
 N - 2 scrolls of blinking {unknown}
 Q - 2 scrolls of holy word {unknown}
 S - a scroll of identify
 T - a scroll of noise {unknown}
Potions
 k - 2 potions of degeneration
 n - 12 potions of curing
 o - a potion of lignification
 A - a potion of invisibility
 E - 3 potions of haste
 H - 4 potions of heal wounds
 I - 2 potions of might {unknown}
 K - a potion of cancellation {unknown}
 O - a potion of berserk rage {unknown}
 P - a potion of flight {unknown}
Miscellaneous
 i - a tin of tremorstones (2/2)
 F - a lightning rod (4/4)


   Skills:
 - Level 6.1 Fighting
 - Level 1.5 Dodging
 - Level 2.1 Stealth
 * Level 11.2 Spellcasting
 * Level 12.9 Conjurations
 + Level 6.7 Transmutations
 + Level 4.8 Fire Magic
 * Level 14.5 Earth Magic


You had 12 spell levels left.
You knew the following spells:

 Your Spells              Type           Power      Damage    Failure   Level
a - Sandblast             Erth           100%       2d20      0%          1
b - Stone Arrow           Conj/Erth      100%       3d13      1%          3
c - Passwall              Tmut/Erth      45%        N/A       1%          2
d - Petrify               Tmut/Erth      54%        N/A       1%          4
e - Iron Shot             Conj/Erth      31%        9d6       1%          6
f - Starburst             Conj/Fire      24%        6d8       2%          6

Your spell library contained the following spells:

 Spells                   Type           Power      Damage    Failure   Level
 Flame Wave               Conj/Fire      49%        2d10      1%          4
 Animate Skeleton         Necr           22%        N/A       1%          1
 Apportation              Tloc           22%        N/A       1%          1
 Pain                     Necr           44%        1d6       1%          1
 Summon Small Mammal      Summ           44%        N/A       1%          1
 Conjure Flame            Conj/Fire      49%        6-21      1%          3
 Dazzling Flash           Conj/Hex       76%        N/A       1%          3
 Ignite Poison            Fire/Tmut/Pois 27%        N/A       1%          3
 Animate Armour           Summ/Erth      84%        N/A       1%          4
 Iskenderun's Mystic Bla  Conj/Tloc      38%        2d9       1%          4
 Sticky Flame             Conj/Fire      49%        2d7       1%          4
 Blade Hands              Tmut           19%        N/A       2%          5
 Call Canine Familiar     Summ           11%        N/A       4%          3
 Confusing Touch          Hex            11%        N/A       4%          3
 Summon Guardian Golem    Hex/Summ       11%        N/A       4%          3
 Vampiric Draining        Necr           11%        2d6       4%          3
 Yara's Violent Unravell  Hex/Tmut       12%        3d7       4%          5
 Lehudib's Crystal Spear  Conj/Erth      31%        10d8      14%         8
 Passage of Golubria      Tloc           11%        N/A       16%         4
 Silence                  Hex/Air        5%         N/A       36%         5
 Enfeeble                 Hex            5%         N/A       100%        7


Dungeon Overview and Level Annotations

Branches:
Dungeon (11/15)            Temple (1/1) D:5            Lair (4/6) D:11
 Spider (0/4) Lair:3          Orc (0/2) D:11         Bailey (visited)
  Swamp: Lair:2-4    Shoals: Lair:2-4

Altars:
Ashenzari
Cheibriados
Dithmenos
Elyvilon
Fedhas
Gozag
Hepliaklqana
Kikubaaqudgha
Makhleb
Nemelex Xobeh
Okawaru
Qazlal
Ru
Sif Muna
Trog
Uskayaw
Vehumet
Wu Jian
Xom
Yredelemnul
Zin
The Shining One
Beogh

Annotations:
Lair:3 1 runed translucent door, Dymuschiq's ghost, journeyman MfGl
Lair:4 Rupert


Innate Abilities, Weirdness & Mutations

You are immune to sickness and miasma.
Your stone body is resilient. (AC +9)
You are immune to poison.
You resist negative energy. (rN+)
You are resistant to electric shocks. (rElec)
You are resistant to unholy torment.
You are immune to petrification.
You have very sharp teeth.
You expend magic power (3 MP) to strengthen your wands.


Message History

Rupert yells loudly at you. You resist with almost no effort.
Rupert is nearby!
Rupert is nearby!
Casting: Stone Arrow (safe; 1% risk of failure)
Confirm with . or Enter, or press ? or * to list all spells.
Aiming: Iron Shot (dangerous; 1% risk of failure)
Press: ? - help, Shift-Dir - straight line, f - Rupert
Aim: Rupert, wielding a +0 antimagic great mace and wearing a +0 leather armour (74% to hit)
The iron shot hits Rupert!!
Rupert is moderately wounded.
Casting: Iron Shot (dangerous; 1% risk of failure)
Confirm with . or Enter, or press ? or * to list all spells.
Aiming: Iron Shot (dangerous; 1% risk of failure)
Press: ? - help, Shift-Dir - straight line, f/p - Rupert
Aim: Rupert, wielding a +0 antimagic great mace and wearing a +0 leather armour (moderately wounded, 74% to hit)
The iron shot misses Rupert.
Rupert roars madly and goes into a rage!
Rupert goes berserk!
Press: ? - help, v - describe, . - travel
Here: Rupert, wielding a +0 antimagic great mace and wearing a +0 leather armour (moderately wounded, berserk)
The floor.
Unknown command.
Casting: Iron Shot (dangerous; 1% risk of failure)
Confirm with . or Enter, or press ? or * to list all spells.
Aiming: Iron Shot (dangerous; 1% risk of failure)
Press: ? - help, Shift-Dir - straight line, f/p - Rupert
Aim: Rupert, wielding a +0 antimagic great mace and wearing a +0 leather armour (moderately wounded, berserk, 74% to hit)
The iron shot hits Rupert!!
Rupert is moderately wounded.
Rupert hits you with a +0 antimagic great mace!!
You feel your power leaking away.
Rupert hits you with a +0 antimagic great mace!!
Casting: Iron Shot (dangerous; 1% risk of failure)
Confirm with . or Enter, or press ? or * to list all spells.
Okay, then.
As you read the scroll of teleportation, it crumbles to dust.
You feel strangely unstable.
Rupert hits you with a +0 antimagic great mace!!
You die...

##+### .?....# ########
####
.......###P##.#.#####...
......@#................
+@....##.###P.#.#.
.......#####.### #######
......# ### ...... .....
#.### #


You could see Rupert (berserk).

Vanquished Creatures
  A boulder beetle (Lair:2)
  4 hydras
  Sonja (D:11)
  Nergalle (Lair:3)
  A deep elf pyromancer (Bailey)
  2 cyclopes (D:11)
  2 black mambas
  4 elephants (Lair:3)
  A torpor snail (Lair:4)
  6 cane toads
  A kobold demonologist (D:10)
  2 unseen horrors (D:11)
  12 komodo dragons
  2 rime drakes
  A troll (D:9)
  A polar bear (Lair:3)
  9 blink frogs
  2 shadows
  27 yaks
  A water elemental (D:11)
  A wyvern (D:9)
  A vampire (D:11)
  3 culicivoras (Lair:3)
  A wraith (D:10)
  A steam dragon (D:8)
  An acid dragon (D:10)
  2 hell hounds (Lair:1)
  25 water moccasins
  Duvessa (D:6)
  A sky beast (D:7)
  2 ice beasts (D:7)
  6 orc warriors
  2 black bears
  3 centaurs
  12 wolves
  A phantom (D:4)
  A kobold brigand (D:7)
  10 bullfrogs
  2 gnoll sergeants
  A necrophage (D:6)
  A scorpion (D:6)
  Dowan (D:6)
  7 howler monkeys
  14 electric eels
  2 hounds (D:5)
  4 jellies
  3 orc priests
  A gnoll shaman (D:7)
  3 hell rats (Lair:1)
  4 iguanas
  Ijyb (D:5)
  3 orc wizards
  Robin (D:4)
  16 gnolls
  20 adders
  5 river rats (Lair:1)
  2 shadow imps (D:7)
  A white imp (D:5)
  2 ufetubi
  2 worms
  A dart slug (D:1)
  24 orcs
  6 ball pythons
  8 endoplasms
  A giant cockroach (D:1)
  24 goblins
  3 hobgoblins (D:4)
  3 jackals (D:1)
  4 quokkas
  5 bats
  2 frilled lizards
  11 kobolds
  15 rats
  A spectral kobold (D:2)
359 creatures vanquished.

Vanquished Creatures (others)
  19 fungi
  19 plants
38 creatures vanquished.

Grand Total: 397 creatures vanquished

Notes
Turn   | Place    | Note
-------+----------+-------------------------------------------
     0 | D:1      | ders the Gargoyle Earth Elementalist began the quest for
                  | the Orb.
     0 | D:1      | Reached XP level 1. HP: 10/10 MP: 3/3
   356 | D:1      | Reached XP level 2. HP: 15/15 MP: 3/5
   410 | D:1      | Reached skill level 1 in Conjurations
   470 | D:1      | Reached skill level 4 in Earth Magic
   771 | D:1      | Reached XP level 3. HP: 17/19 MP: 3/6
   896 | D:1      | Learned a level 3 spell: Stone Arrow
  1640 | D:2      | Reached XP level 4. HP: 24/24 MP: 5/8
  2231 | D:2      | Found a faded altar of an unknown god.
  2616 | D:2      | Gained mutation: You expend magic power (3 MP) to
                  | strengthen your wands. [potion of mutation]
  2616 | D:2      | Gained mutation: You have very sharp teeth. [potion of
                  | mutation]
  3037 | D:3      | Reached XP level 5. HP: 28/28 MP: 2/9
  3309 | D:3      | Reached skill level 5 in Earth Magic
  3325 | D:3      | Found the +7 staff of the Meek {protect, meekguard}
  3827 | D:4      | Reached XP level 6. HP: 29/32 MP: 9/11
  4139 | D:4      | Noticed Robin
  4144 | D:4      | Killed Robin
  4626 | D:5      | Entered Level 5 of the Dungeon
  4789 | D:5      | Reached skill level 6 in Earth Magic
  4789 | D:5      | Reached XP level 7. HP: 37/37 MP: 10/13
  4822 | D:5      | Reached skill level 1 in Fighting
  4958 | D:5      | Found a staircase to the Ecumenical Temple.
  5003 | Temple   | Entered the Ecumenical Temple
  5568 | Temple   | Became a worshipper of Vehumet
  6166 | D:5      | Noticed Ijyb
  6171 | D:5      | Killed Ijyb
  6490 | D:6      | Reached skill level 5 in Conjurations
  6508 | D:5      | Reached XP level 8. HP: 21/44 MP: 2/15
  6687 | D:6      | Found the amulet of the Four Winds {rN+ Will+++ Clar}
  6742 | D:6      | Reached skill level 7 in Earth Magic
  6816 | D:6      | Learned a level 2 spell: Passwall
  6878 | D:6      | Reached skill level 5 in Spellcasting
  6959 | D:6      | Noticed Duvessa
  6963 | D:6      | Noticed Dowan
  6974 | D:6      | Killed Duvessa
  6984 | D:6      | Killed Dowan
  7205 | D:6      | Identified a scroll of acquirement
  7207 | D:6      | Acquired the +0 pair of boots "Pios" {rC+}
  7472 | D:7      | Reached skill level 8 in Earth Magic
  7719 | D:7      | Reached XP level 9. HP: 51/51 MP: 3/17
  8048 | D:7      | Learned a level 4 spell: Petrify
  8313 | D:7      | Reached * piety under Vehumet
  8313 | D:7      | Offered knowledge of Magic Dart by Vehumet.
  8905 | D:8      | Reached skill level 9 in Earth Magic
  9916 | D:9      | Reached XP level 10. HP: 30/58 MP: 15/20
 10213 | D:9      | Reached skill level 5 in Fighting
 10309 | D:9      | Reached skill level 10 in Earth Magic
 10819 | D:10     | Entered Level 10 of the Dungeon
 10935 | D:10     | Found a flagged portal.
 10947 | Bailey   | Entered a bailey
 11091 | Bailey   | Found a large runed translucent door.
 11091 | Bailey   | Found a large runed translucent door.
 11092 | Bailey   | Noticed a deep elf pyromancer
 11106 | Bailey   | Noticed an orc knight
 11109 | Bailey   | Reached ** piety under Vehumet
 11109 | Bailey   | Offered knowledge of Static Discharge by Vehumet.
 11124 | Bailey   | an orc knight changed into a black bear
 11405 | Bailey   | Killed a deep elf pyromancer
 11847 | D:10     | Found an opulent altar of Gozag.
 11895 | D:10     | Reached skill level 11 in Earth Magic
 12014 | D:10     | Noticed a kobold demonologist
 12019 | D:10     | Killed a kobold demonologist
 12277 | D:10     | Reached XP level 11. HP: 64/64 MP: 14/23
 12524 | D:11     | Found a staircase to the Lair.
 12533 | D:11     | Offered knowledge of Frozen Ramparts by Vehumet.
 12534 | D:11     | Reached skill level 1 in Transmutations
 13109 | D:11     | Noticed a cyclops
 13114 | D:11     | Killed a cyclops
 13115 | D:11     | Reached skill level 10 in Conjurations
 13260 | D:11     | Noticed Sonja
 13263 | D:11     | Killed Sonja
 13271 | D:11     | Noticed a cyclops
 13290 | D:11     | Killed a cyclops
 13290 | D:11     | Reached *** piety under Vehumet
 13452 | D:11     | Learned a level 6 spell: Iron Shot
 13459 | D:11     | Learned a level 6 spell: Starburst
 13505 | D:11     | Found a staircase to the Orcish Mines.
 13547 | D:11     | Noticed a seven-headed hydra
 13551 | D:11     | Killed a seven-headed hydra
 13552 | D:11     | Reached skill level 12 in Earth Magic
 14359 | Lair:1   | Entered Level 1 of the Lair of Beasts
 14379 | Lair:1   | Reached skill level 1 in Fire Magic
 15646 | Lair:1   | Offered knowledge of Hailstorm by Vehumet.
 15949 | Lair:1   | Identified the +7 mace of Nuuz {flame, Str+5 Int+5}
 16277 | Lair:2   | Reached XP level 12. HP: 70/70 MP: 15/25
 16974 | Lair:2   | Noticed a six-headed hydra
 16985 | Lair:2   | Killed a six-headed hydra
 16986 | Lair:2   | Reached skill level 13 in Earth Magic
 16988 | Lair:2   | Reached skill level 10 in Spellcasting
 17188 | Lair:2   | Noticed a boulder beetle
 17200 | Lair:2   | Killed a boulder beetle
 17789 | Lair:2   | Reached skill level 5 in Transmutations
 17946 | Lair:2   | Reached **** piety under Vehumet
 17955 | Lair:2   | Offered knowledge of Freezing Cloud by Vehumet.
 18269 | Lair:3   | Noticed Nergalle
 18819 | Lair:3   | Acquired 1336 gold pieces
 18987 | Lair:3   | Killed Nergalle
 19309 | Lair:3   | Reached XP level 13. HP: 15/74 MP: 21/27
 19690 | Lair:3   | Reached skill level 14 in Earth Magic
 19807 | Lair:3   | Identified the +5 trident "Doecoen" {antimagic, Fragile
                  | rElec rN+ Will+}
 19808 | Lair:3   | Found a runed translucent door.
 19808 | Lair:3   | Noticed Dymuschiq's ghost (journeyman MfGl)
 19872 | Lair:3   | Found a hole to the Spider Nest.
 20137 | Lair:4   | Reached ***** piety under Vehumet
 20137 | Lair:4   | Offered knowledge of Flame Wave by Vehumet.
 21371 | Lair:4   | Noticed Rupert
 21375 | Lair:4   | Slain by Rupert

Illustrated notes

Levels and vault maps discovered:
D:1:      dpeg_arrival_boxes_within_box, layout_basic
D:2:      layout_loops_corners, dreamdust_ecumenical_altar_drowned_temple
D:3:      layout_rooms, pf_guarded_unrand_meek
D:4:      layout_loops_cross, minmay_misc_feat_secret_circle, chequers_garden,
          uniq_robin
D:5:      layout_loops_ring, minmay_temple_entry_offerings, uniq_ijyb
D:6:      layout_cave_pools, uniq_duvessa
D:7:      layout_layer_cave, grunt_ministairs_9
D:8:      layout_basic
D:9:      wad_lake_hut, layout_cave_pools
D:10:     layout_gridville, kennysheep_little_box, enter_bailey_5, minivault_14
D:11:     layout_basic, erik_lair_island, uniq_sonja
Temple:   mainiacjoe_temple_starburst
Lair:1:   layout_loops_ring, enter_volcano_3, kennysheep_abandoned_house,
          serial_bayou_shore_a, grunt_megastairs_5, lemuel_fruit_tree
Lair:2:   lemuel_reptile_caves, layout_cave_pods
Lair:3:   layout_misc_corridors, hellmonk_spider_entry_life_and_decay,
          ebering_ghost_funeral_grove, uniq_nergalle
Lair:4:   layout_roguey, elwin_shoals_entry_stream, uniq_rupert

Skill      XL: |  1  2  3  4  5  6  7  8  9 10 11 12 13 |
---------------+----------------------------------------+-----
Conjurations   | 1 2 3 4 5 6 8 9 11 12 | 12.9
Earth Magic    | 4 5 6 8 9 11 12 13 14 | 14.5
Spellcasting   | 3 4 5 7 8 9 10 11 | 11.2
Fighting       | 2 3 4 6 |  6.1
Transmutations | 4 5 6 |  6.7
Fire Magic     | 2 4 |  4.8
Dodging        | |  1.5
Stealth        | |  2.1

Action                   |  1- 3 |  4- 6 |  7- 9 | 10-12 | 13-15 || total
-------------------------+-------+-------+-------+-------+-------++-------
Melee: Dagger            |    22 |    21 |       |       |       ||    43
       Quarterstaff      |       |    41 |    83 |    62 |    19 ||   205
       Bite              |       |     3 |     9 |     3 |     5 ||    20
 Cast: Sandblast         |    50 |    40 |    31 |    79 |    12 ||   212
       Stone Arrow       |     1 |    24 |    63 |   237 |    49 ||   374
       Starburst         |       |       |       |     6 |     9 ||    15
       Iron Shot         |       |       |       |    20 |     8 ||    28
Evoke: Lightning rod     |       |       |       |     3 |       ||     3
       Wand              |       |       |       |     4 |       ||     4
  Use: Scroll            |       |     5 |     8 |    12 |     1 ||    26
       Potion            |       |     5 |     2 |     2 |       ||     9
 Stab: Sleeping          |       |     1 |       |       |       ||     1
Armor: Robe              |     6 |    40 |    79 |   172 |    28 ||   325
Dodge: Dodged            |    20 |   110 |   116 |   199 |    38 ||   483

Table legend: (Time is in decaauts)
 A = Elapsed time spent in this place.
 B = Non-inter-level travel time spent in this place.
 C = Inter-level travel time spent in this place.
 D = Time resting spent in this place.
 E = Time spent auto-exploring this place.
 F = Levels seen in this place.
 G = Mean time per level.
                   A        B        C        D        E       F      G
               +--------+--------+--------+--------+--------+-----+--------+
         Total |  21522 |  20414 |   1108 |   4699 |  13277 |  17 | 1266.0 |
       Dungeon |  13751 |  13021 |    730 |   2418 |   9134 |  11 | 1250.1 |
        Temple |    618 |    525 |     93 |      0 |    517 |   1 |  618.0 |
          Lair |   6474 |   6190 |    284 |   2009 |   3436 |   4 | 1618.5 |
        Bailey |    677 |    677 |      0 |    272 |    189 |   1 |  677.0 |
               +--------+--------+--------+--------+--------+-----+--------+

Top non-repeatable levels by time:
  Lair:2: 2466 daAuts
    D:11: 2114 daAuts
  Lair:3: 1676 daAuts
     D:9: 1442 daAuts
     D:7: 1426 daAuts
     D:2: 1415 daAuts
     D:5: 1384 daAuts
  Lair:1: 1246 daAuts
     D:1: 1163 daAuts
  Lair:4: 1085 daAuts
    D:10: 1075 daAuts
     D:3: 1035 daAuts
     D:4: 1018 daAuts
     D:8: 954 daAuts
     D:6: 721 daAuts
